 Dungeon Crawl Stone Soup version 0.20.0-15-g7f486f2 (webtiles) character file.

55705 zhorgal the Swashbuckler (level 14, -15/72 HPs)
             Began as a Vine Stalker Necromancer on June 9, 2017.
             Was a High Priest of Uskayaw.
             Demolished by a death yak (20 damage)
             ... on level 6 of the Lair of Beasts on June 10, 2017.
             The game lasted 01:30:53 (19586 turns).

zhorgal the Swashbuckler (VSNe)                    Turns: 19586, Time: 01:30:54

Health: -15/72     AC: 12    Str: 13    XL:     14   Next: 78%
Magic:  0/23       EV: 17    Int: 15    God:    Uskayaw [*****.]
Gold:   1202       SH:  0    Dex: 20    Spells: 15/17 levels left

rFire    + . .     SeeInvis +   S - +0 rapier (freeze)
rCold    + . .     Gourm    +   (no shield)
rNeg     . . .     Faith    .   y - +2 troll leather armour {Snorg}
rPois    .         Spirit   +   q - +2 hat {SInv}
rElec    .         Reflect  .   M - +0 cloak
rCorr    .         Harm     .   (no gloves)
MR       +....     Clarity  +   z - +1 pair of boots
Stlth    ++........             A - amulet of the gourmand
Regen    1.5/turn               B - ring of protection from cold
MPRegen  0.2/turn               k - ring of protection from fire

@: no status effects
A: fangs 3, agile 1, clarity, regeneration 2, magic shield, antimagic bite, no
potion heal 3, rot immunity
a: Stomp, Line Pass, Grand Finale, Renounce Religion


You were on level 6 of the Lair of Beasts.
You worshipped Uskayaw.
Uskayaw was aware of your devotion.
You were very full.

You visited 3 branches of the dungeon, and saw 17 of its levels.
You also visited: Ice Cave.

You collected 1202 gold pieces.

Inventory:

Hand Weapons
 S - a +0 rapier of freezing (weapon)
Missiles
 a - 6 poisoned javelins
 g - 8 tomahawks of dispersal
 C - 8 tomahawks (quivered)
 O - 2 throwing nets {!f}
Armour
 e - a +1 plate armour of fire resistance
 q - a +2 hat of see invisible (worn)
 y - a +2 troll leather armour (worn) {Snorg}
 z - a +1 pair of boots (worn)
 D - a +1 plate armour of cold resistance
 M - a +0 cloak (worn)
Jewellery
 h - an uncursed ring of resist corrosion
 k - a ring of protection from fire (right hand)
 A - an amulet of the gourmand (around neck)
 B - a ring of protection from cold (left hand)
 G - an uncursed ring of protection from cold
 R - an uncursed ring of protection from magic
 W - an uncursed ring of protection from cold
Wands
 j - a wand of flame (19/48)
 l - a wand of clouds (2/9)
 p - a wand of flame (31/48)
 t - a wand of lightning (11/15)
 F - a wand of polymorph (9/24)
 I - a wand of acid (5/15)
 K - a wand of random effects (21/48)
 L - a wand of iceblast (9/15)
 N - a wand of random effects (20/48)
 P - a wand of scattershot (4/9)
 Y - a wand of enslavement (11/24)
Scrolls
 c - a scroll of silence {unknown}
 i - a scroll of identify
 m - 2 scrolls of fog
 n - 6 scrolls of teleportation
 s - 4 scrolls of magic mapping
 u - a scroll of acquirement {unknown}
 J - 2 scrolls of recharging
Potions
 f - 2 potions of lignification {!q}
 o - 4 potions of magic
 w - 2 potions of haste
 E - 6 potions of curing
Books
 b - a book of Necromancy

   Spells                             Type                      Level
   a - Pain                           Necromancy                   1
   b - Animate Skeleton               Necromancy                   1
   c - Vampiric Draining              Necromancy                   3
   d - Regeneration                   Charms/Necromancy            3
   e - Animate Dead                   Necromancy                   4
   f - Control Undead                 Necromancy                   4
 Q - a book of Transfigurations

   Spells                             Type                      Level
   a - Irradiate                      Conjuration/Transmutation    5
   b - Statue Form                    Transmutation/Earth          6
   c - Hydra Form                     Transmutation                6
   d - Dragon Form                    Transmutation                7
 T - a book of the Sky

   Spells                             Type                      Level
   a - Summon Lightning Spire         Summoning/Air                4
   b - Silence                        Hexes/Air                    5
   c - Deflect Missiles               Charms/Air                   6
   d - Conjure Ball Lightning         Conjuration/Air              6
   e - Tornado                        Air                          9
 U - a book of Clouds

   Spells                             Type                      Level
   a - Poisonous Vapours              Poison/Air                   2
   b - Mephitic Cloud                 Conjuration/Poison/Air       3
   c - Conjure Flame                  Conjuration/Fire             3
   d - Freezing Cloud                 Conjuration/Ice/Air          6
   e - Ring of Flames                 Charms/Fire                  7
 V - a book of Spatial Translocations

   Spells                             Type                      Level
   a - Blink                          Translocation                2
   b - Shroud of Golubria             Charms/Translocation         2
   c - Lesser Beckoning               Translocation                3
   d - Gell's Gravitas                Translocation                3
   e - Teleport Other                 Translocation                3
   f - Passage of Golubria            Translocation                4
Miscellaneous
 X - a fan of gales
Comestibles
 d - a royal jelly
 r - 15 fruits
 v - a meat ration
 x - 11 chunks of flesh
 H - 6 bread rations


   Skills:
 + Level 7.4 Fighting
 * Level 16.0 Short Blades
 + Level 6.6 Armour
 + Level 7.1 Dodging
 - Level 2.4 Stealth
 - Level 2.1 Spellcasting
 - Level 4.4 Necromancy
 + Level 11.0 Invocations


You had 15 spell levels left.
You knew the following spells:

 Your Spells              Type           Power        Failure   Level  Hunger
a - Pain                  Necr           ##..         4%          1    #......
b - Animate Skeleton      Necr           N/A          4%          1    #......


Dungeon Overview and Level Annotations

Branches:
Dungeon (10/15)            Temple (1/1) D:4            Lair (6/6) D:9
 Shoals (0/4) Lair:3       Spider (0/4) Lair:2        Slime (0/5) Lair:5
    Orc (0/2) D:10

Altars:
Ashenzari
Cheibriados
Dithmenos
Elyvilon
Fedhas
Gozag
Hepliaklqana
Kikubaaqudgha
Makhleb
Nemelex Xobeh
Okawaru
Qazlal
Ru
Sif Muna
Trog
Uskayaw
Vehumet
Xom
Yredelemnul
Zin
The Shining One
Beogh

Shops:
D:6 =

Annotations:
Lair:2 exclusion: oklob plant


Innate Abilities, Weirdness & Mutations

You have razor-sharp teeth.
You heal very quickly.
When hurt, damage is shared between your health and your magic reserves.
Your bite disrupts and absorbs the magic of your enemies.
Potions cannot restore your health.
You are immune to rotting.
You are agile. (Dex +2)
You possess an exceptional clarity of mind.


Message History

* * * LOW HITPOINT WARNING * * *
You don't have enough magic at the moment.
You hit the death yak but do no damage.
You bite the death yak, but do no damage.
The death yak is almost dead.
The yak gores you but does no damage.
You hit the death yak. You freeze the death yak.
Your bite misses the death yak.
The death yak is almost dead.
The death yak gores you!
* * * LOW HITPOINT WARNING * * *
The yak misses you. The death yak gores you.
* * * LOW HITPOINT WARNING * * *
As you read the scroll of fear, it crumbles to dust.
You assume a fearsome visage.
The yak resists with some effort.
The death yak resists with almost no effort.
The yak looks frightened!
The death yak looks frightened!
The yak gores you but does no damage. The death yak completely misses you.
The yak completely misses you. The death yak gores you!!
You die...

###......8...........
###......# .......
#P.....## .....
#PP###...## .....
#######...## .....
###.###...# .....
##..†..##..# .....
###Y..#......## ..#..
Y.###...@.##......#
####.
#...YY.Y.####....##
... ##...###.# ###.##
.... #P.. #..# ###
.... ##. ##..# # #...
...Y .##.. .H


You could see 2 death yaks and 2 yaks.

Vanquished Creatures
  A frost giant (IceCv)
  Snorg (D:10)
  The ghost of cliffracer the Jinx, a journeyman SpNe of Ashenzari (Lair:5)
  4 hydras
  2 death yaks (Lair:6)
  A catoblepas (Lair:6)
  Urug (Lair:2)
  4 two-headed ogres
  Nergalle (Lair:2)
  Pikel (D:8)
  A manticore (Lair:6)
  Joseph (D:9)
  3 black mambas
  An ice statue (IceCv)
  13 spiny frogs
  A torpor snail (Lair:4)
  3 rime drakes
  6 komodo dragons
  The ghost of herpmino the Cudgeler, a novice VSVM (D:5)
  19 polar bears (IceCv)
  A troll (D:10)
  Grinder (D:3)
  6 hippogriffs
  6 dream sheep
  17 blink frogs
  2 redbacks (Lair:2)
  A spriggan (D:10)
  A wyvern (Lair:3)
  103 yaks
  Eustachio (D:5)
  2 hungry ghosts
  2 basilisks
  Duvessa (D:7)
  16 water moccasins
  3 porcupines
  8 orc warriors
  3 sky beasts
  2 slaves (D:8)
  A black bear (D:10)
  3 phantoms
  An ice beast (D:8)
  7 ogres
  11 centaurs
  18 wolves
  13 crocodiles
  A big kobold (D:10)
  10 bullfrogs
  Blork the orc (D:5)
  A gnoll sergeant (D:9)
  Dowan (D:7)
  4 scorpions
  3 killer bees (D:9)
  4 wights (D:9)
  An electric eel (Lair:3)
  A centaur zombie (D:7)
  4 crimson imps
  A bullfrog zombie (D:9)
  7 orc priests
  A hound (D:10)
  3 jellies
  A centaur skeleton (D:9)
  Terence (D:3)
  An iguana (D:9)
  12 orc wizards
  8 worker ants
  A hound skeleton (D:10)
  A worker ant zombie (D:6)
  15 adders
  7 gnolls (D:9)
  3 shadow imps
  A white imp (D:7)
  5 oozes
  An adder skeleton (D:7)
  3 worms (D:2)
  3 dart slugs
  3 leopard geckos
  78 orcs
  10 bats
  6 giant cockroaches
  13 goblins
  5 hobgoblins
  14 jackals
  4 quokkas
  A ball python (D:2)
  5 frilled lizards
  15 kobolds
  A quokka skeleton (D:5)
  A quokka zombie (D:9)
  7 rats
565 creatures vanquished.

Vanquished Creatures (collateral kills)
  A dart slug (D:2)
1 creature vanquished.

Vanquished Creatures (others)
  5 fungi
  5 plants
10 creatures vanquished.

Grand Total: 576 creatures vanquished

Notes
Turn   | Place    | Note
-------+----------+-------------------------------------------
     0 | D:1      | zhorgal the Vine Stalker Necromancer began the quest for the Orb.
     0 | D:1      | Reached XP level 1. HP: 9/9 MP: 4/4
   198 | D:1      | Reached XP level 2. HP: 5/13 MP: 4/6
   544 | D:1      | Reached skill level 1 in Short Blades
   748 | D:1      | Learned a level 1 spell: Animate Skeleton
  1228 | D:1      | Reached XP level 3. HP: 15/16 MP: 7/7
  1827 | D:2      | Reached skill level 2 in Short Blades
  2168 | D:2      | Found an opulent altar of Gozag.
  2292 | D:2      | Gained mutation: Your natural rate of healing is unusually fast. [Vine Stalker growth]
  2292 | D:2      | Reached XP level 4. HP: 8/21 MP: 0/8
  2597 | D:2      | Reached skill level 3 in Short Blades
  3262 | D:3      | Noticed Grinder
  3262 | D:3      | Paralysed by Grinder for 2 turns
  3422 | D:3      | Noticed Terence
  3465 | D:3      | Gained mutation: You are agile. (Dex +2) [potion of mutation]
  3465 | D:3      | Gained mutation: You possess an exceptional clarity of mind. [potion of mutation]
  3474 | D:3      | Killed Terence
  3474 | D:3      | Reached XP level 5. HP: 10/24 MP: 9/9
  3586 | D:3      | Found a glowing drain.
  3611 | D:3      | Reached skill level 4 in Short Blades
  3657 | D:3      | Noticed a centaur
  3672 | D:3      | HP: 1/24 [centaur/shortbow (1)]
  3683 | D:3      | Killed a centaur
  3683 | D:3      | Reached XP level 6. HP: 7/28 MP: 10/10
  3778 | D:3      | Reached skill level 5 in Short Blades
  3810 | D:3      | Paralysed by Grinder for 6 turns
  3835 | D:3      | Killed Grinder
  3835 | D:3      | Reached skill level 6 in Short Blades
  3835 | D:3      | Reached XP level 7. HP: 9/32 MP: 7/11
  4064 | D:3      | Found a shimmering altar of Xom.
  4402 | D:4      | Found a staircase to the Ecumenical Temple.
  4417 | Temple   | Entered the Ecumenical Temple
  4479 | Temple   | Became a worshipper of Uskayaw the Reveler
  4610 | D:4      | Reached * piety under Uskayaw
  4614 | D:4      | Reached ** piety under Uskayaw
  4618 | D:4      | Reached *** piety under Uskayaw
  4798 | D:4      | Found a snail-covered altar of Cheibriados.
  4820 | D:4      | Reached skill level 7 in Short Blades
  5163 | D:5      | Entered Level 5 of the Dungeon
  5234 | D:5      | Reached **** piety under Uskayaw
  5242 | D:5      | Gained mutation: You have razor-sharp teeth. [Vine Stalker growth]
  5242 | D:5      | Reached XP level 8. HP: 33/36 MP: 12/12
  5242 | D:5      | Reached ***** piety under Uskayaw
  5402 | D:5      | Noticed Blork the orc
  5412 | D:5      | Killed Blork the orc
  5412 | D:5      | Reached skill level 8 in Short Blades
  5462 | D:5      | Found a radiant altar of Vehumet.
  5476 | D:5      | Noticed Eustachio
  5506 | D:5      | Killed Eustachio
  5657 | D:5      | Noticed herpmino's ghost (novice VSVM)
  5691 | D:5      | Killed herpmino's ghost
  5691 | D:5      | Reached skill level 9 in Short Blades
  6040 | D:6      | Reached skill level 1 in Invocations
  6162 | D:6      | Found Guset's Jewellery Emporium.
  6249 | D:6      | Reached XP level 9. HP: 39/39 MP: 13/13
  6472 | D:6      | Found a sparkling altar of Nemelex Xobeh.
  6629 | D:6      | Found a bloodstained altar of Trog.
  6655 | D:6      | Reached skill level 10 in Short Blades
  7101 | D:7      | Paralysed by fainting for 8 turns
  7265 | D:7      | Noticed Duvessa
  7266 | D:7      | Found a burning altar of Makhleb.
  7266 | D:7      | Noticed Dowan
  7279 | D:7      | Killed Duvessa
  7285 | D:7      | Killed Dowan
  8089 | D:8      | Noticed a two-headed ogre
  8194 | D:8      | Noticed Pikel
  8216 | D:8      | Killed Pikel
  8216 | D:8      | Reached skill level 11 in Short Blades
  8216 | D:8      | Reached skill level 5 in Invocations
  8216 | D:8      | Reached XP level 10. HP: 30/44 MP: 9/14
  8373 | D:8      | Noticed Maurice
  8398 | D:8      | Noticed Maurice
  8398 | D:8      | Maurice changed into Maurice the blink frog
  8402 | D:8      | Killed Maurice the blink frog
  8527 | D:8      | Killed a two-headed ogre
  8707 | D:8      | Reached skill level 12 in Short Blades
  8794 | D:8      | Found a blossoming altar of Fedhas.
  9044 | D:9      | Got an encrusted shortbow
  9148 | D:9      | Found a staircase to the Lair.
  9671 | D:9      | Reached XP level 11. HP: 39/47 MP: 15/17
  9692 | D:9      | Noticed Joseph
  9723 | D:9      | Killed Joseph
  9723 | D:9      | Reached skill level 13 in Short Blades
  9752 | D:9      | Noticed a two-headed ogre
  9764 | D:9      | Killed a two-headed ogre
  9808 | D:9      | Reached skill level 1 in Fighting
 10048 | Lair:1   | Entered Level 1 of the Lair of Beasts
 10071 | Lair:1   | Reached skill level 1 in Armour
 10260 | Lair:1   | Reached ****** piety under Uskayaw
 10716 | Lair:1   | Gained mutation: You heal very quickly. [Vine Stalker growth]
 10716 | Lair:1   | Reached XP level 12. HP: 55/56 MP: 17/19
 11314 | Lair:2   | Noticed Urug
 11335 | Lair:2   | Killed Urug
 11526 | Lair:2   | Reached skill level 14 in Short Blades
 11659 | Lair:2   | Found a hole to the Spider Nest.
 11960 | Lair:2   | Noticed Nergalle
 11972 | Lair:2   | Killed Nergalle
 12090 | Lair:2   | Got a scorched fustibalus
 12694 | Lair:3   | Found a staircase to the Shoals.
 12962 | Lair:3   | Reached skill level 5 in Dodging
 13098 | Lair:3   | Reached skill level 5 in Fighting
 13482 | Lair:3   | Reached XP level 13. HP: 53/63 MP: 20/20
 13787 | Lair:4   | Found a basalt altar of Yredelemnul.
 14740 | Lair:5   | Found a frozen archway.
 14741 | Lair:5   | Noticed cliffracer's ghost (journeyman SpNe)
 14753 | Lair:5   | Killed cliffracer's ghost
 14753 | Lair:5   | Reached skill level 15 in Short Blades
 14767 | Lair:5   | Reached skill level 5 in Armour
 14812 | Lair:5   | HP: 3/65 [poisoned by a water moccasin]
 14814 | Lair:5   | HP: 1/65 [poisoned by a water moccasin]
 14890 | IceCv    | Entered an ice cave
 15473 | IceCv    | Reached skill level 10 in Invocations
 15824 | IceCv    | Noticed a frost giant
 15829 | IceCv    | Killed a frost giant
 15829 | IceCv    | Reached XP level 14. HP: 16/70 MP: 5/22
 16371 | Lair:5   | Found a staircase to the Slime Pits.
 17496 | Lair:6   | Entered Level 6 of the Lair of Beasts
 17676 | Lair:6   | HP: 1/70 [crocodile (5)]
 17917 | D:10     | Entered Level 10 of the Dungeon
 17982 | D:10     | Noticed Snorg
 18003 | D:10     | Killed Snorg
 18098 | D:10     | Found a staircase to the Orcish Mines.
 18559 | D:10     | Found a roughly hewn altar of Beogh.
 19509 | Lair:6   | Reached skill level 16 in Short Blades
 19584 | Lair:6   | HP: 2/72 [death yak (4)]
 19586 | Lair:6   | Demolished by a death yak

Skill      XL: |  1  2  3  4  5  6  7  8  9 10 11 12 13 14 |
---------------+-------------------------------------------+-----
Short Blades   | 1 2 3 4 6 7 9 11 12 13 14 15 16 | 16.0
Invocations    | 2 5 7 8 9 10 11 | 11.0
Fighting       | 3 5 6 7 |  7.4
Dodging        | 3 5 6 7 |  7.1
Armour         | 2 4 5 6 |  6.6
Stealth        | |  2.4
Spellcasting   | |  2.1
Necromancy     | |  4.4

Action                   |  1- 3 |  4- 6 |  7- 9 | 10-12 | 13-15 || total
-------------------------+-------+-------+-------+-------+-------++-------
Melee: Dagger            |    54 |    85 |       |       |       ||   139
       Bite              |    12 |    44 |   138 |   304 |   400 ||   898
       Short sword       |       |    77 |   493 |   643 |       ||  1213
       Rapier            |       |       |       |   138 |  1028 ||  1166
 Cast: Pain              |    53 |    19 |       |       |       ||    72
       Animate Skeleton  |     7 |     1 |       |       |       ||     8
Invok: Stomp             |       |       |       |       |     1 ||     1
Evoke: Wand              |       |       |     2 |     5 |     9 ||    16
  Use: Potion            |       |     6 |       |     1 |     2 ||     9
       Scroll            |       |       |    16 |     5 |     8 ||    29
 Stab: Sleeping          |     4 |     1 |       |       |     3 ||     8
       Paralysed         |       |       |     9 |    39 |    46 ||    94
       Distracted        |       |       |       |       |     1 ||     1
  Eat: Chunk             |     5 |     6 |    12 |    16 |    80 ||   119
       Fruit             |       |       |     1 |       |     1 ||     2
       Bread ration      |       |       |     1 |       |       ||     1
Armor: Robe              |    13 |     4 |       |       |       ||    17
       Ring mail         |       |    19 |       |       |    37 ||    56
       Scale mail        |       |    57 |    50 |       |       ||   107
       Chain mail        |       |       |   125 |   219 |   109 ||   453
       Plate armour      |       |       |       |       |    68 ||    68
       Troll leather arm |       |       |       |       |    56 ||    56
Dodge: Dodged            |    42 |    82 |    85 |   135 |   331 ||   675
